 Dungeon Crawl Stone Soup version 0.31-a0-473-g61b50ae490 (webtiles) character file.

Game seed: 2117446806751728659

32 motkurizz the Chopper (level 3, 0/33 HPs)
             Began as a Hill Orc Cinder Acolyte on Aug 6, 2023.
             Was a High Priest of Ignis.
             Slain by Terence
             ... wielding a +0 trident
              (6 damage)
             ... on level 2 of the Dungeon.
             The game lasted 00:08:08 (1364 turns).

motkurizz the Chopper (Hill Orc Cinder Acolyte)     Turns: 1364, Time: 00:08:08

Health: 0/33       AC: 10    Str: 16    XL:     3   Next: 27%
Magic:  0/3        EV: 11    Int: 14    God:    Ignis [*****.]
Gold:   51         SH:  0    Dex:  6    Spells: 2/4 levels left

rFire   + . .        h - +1 whip (vamp)
rCold   . . .        (no shield)
rNeg    . . .        b - +0 robe
rPois   .            d - +0 hat
rElec   .            (no cloak)
rCorr   .            g - +0 pair of gloves
SInv    .            (no boots)
Will    .....        (no amulet)
Stlth   +            (no ring)
HPRegen 0.25/turn    (no ring)
MPRegen 0.08/turn

%: no passive effects
@: fiery-armoured
A: low MP 2, weak 1
a: Renounce Religion, Fiery Armour, Foxfire Swarm, Rising Flame


You were on level 2 of the Dungeon.
You worshipped Ignis.
Ignis was extremely pleased with you.
You visited 1 branch of the dungeon, and saw 2 of its levels.

You collected 51 gold pieces.

Inventory:

Hand Weapons
 a - a -1 hand axe of flaming
 h - a +1 vampiric whip (weapon)
Missiles
 f - 11 stones
Armour
 b - a +0 robe (worn)
 d - a +0 hat (worn)
 g - a +0 pair of gloves (worn)
Scrolls
 e - 3 scrolls of identify {unknown}
Potions
 c - a potion of mutation


   Skills:
 + Level 4.1 Fighting
 - Level 5.2 Axes
 * Level 0.0(2.5) Maces & Flails
 - Level 1.0 Spellcasting
 - Level 3.2 Fire Magic


You had 2 spell levels left.
You knew the following spells:

 Your Spells              Type           Power      Damage    Failure   Level
f - Scorch                Fire           18%        2d5       11%         2

Your spell library contained the following spells:

 Spells                   Type           Power      Damage    Failure   Level
 Stone Arrow              Conj/Erth      0%         3d7       61%         3
 Animate Armour           Summ/Erth      0%         N/A       95%         4
 Lehudib's Crystal Spear  Conj/Erth      0%         10d2      100%        8


Dungeon Overview and Level Annotations

Branches:
Dungeon (2/15)

Altars:

Annotations:
D:1 exclusion: 2 downstairs
D:2 Terence


Innate Abilities, Weirdness & Mutations

Your magical capacity is very low. (-20% MP)
You are weak. (Str -2)


Message History

You aren't carrying any items that you can evoke.
Unknown command.
Unknown command.
Casting: Scorch (safe; 11% risk of failure)
Confirm with . or Enter, or press ? or * to list all spells.
You miscast Scorch.
You are very lightly contaminated with residual magic.
Nothing appears to happen.
Casting: Scorch (safe; 11% risk of failure)
Confirm with . or Enter, or press ? or * to list all spells.
Flames lash Terence.
Terence is moderately wounded.
Terence's fire resistance burns away.
Terence hits you but does no damage. Terence hits you with a +0 trident.
You hit Terence but do no damage.
Terence is moderately wounded.
Terence hits you with a +0 trident!
You hit Terence but do no damage.
Terence is moderately wounded.
Terence hits you with a +0 trident.
A protective cloak of flame settles atop you.
Terence is no longer more vulnerable to fire.
Terence closely misses you.
You closely miss Terence.
Terence is moderately wounded.
Terence hits you with a +0 trident.
Terence is burned by your cloak of flames.
Terence is moderately wounded.
You aren't carrying any items that you can evoke.
It was a potion of mutation.
You feel extremely strange.
You feel less energetic.
You feel weaker.
You feel less energetic. Terence hits you with a +0 trident.
* * * LOW HITPOINT WARNING * * *
Terence is burned by your cloak of flames.
Terence is moderately wounded.
Your magical contamination has completely faded away.
Terence closely misses you.
There is a stone staircase leading up here.
Terence hits you from afar with a +0 trident.
You die...

#### #..### ##...#
###.## ... #..# ...
##†### .... #@..##
..... . ###@.# #.....
.r..#######.# #....
#..@...##.###..#
########†.......#
.....................r
.####...###....##.#...
....# #...# #.........
. ...# #....
#...###.###


You could see Terence.

Vanquished Creatures
  An adder (D:2)
  An endoplasm (D:1)
  2 goblins (D:1)
  3 hobgoblins (D:1)
  A ball python (D:1)
  4 bats
  4 frilled lizards (D:1)
  5 kobolds (D:1)
  4 rats (D:1)
25 creatures vanquished.

Notes
Turn   | Place    | Note
-------+----------+-------------------------------------------
     0 | D:1      | motkurizz the Hill Orc Cinder Acolyte began the quest for
                  | the Orb.
     0 | D:1      | Reached XP level 1. HP: 19/19 MP: 2/2
    12 | D:2      | Noticed Terence
   473 | D:1      | Reached XP level 2. HP: 27/27 MP: 3/3
   719 | D:1      | Reached skill level 5 in Axes
   724 | D:1      | Learned a level 2 spell: Scorch
  1279 | D:2      | Reached XP level 3. HP: 25/33 MP: 1/4
  1362 | D:2      | Gained mutation: Your magical capacity is low. (-10% MP)
                  | [potion of mutation]
  1362 | D:2      | Gained mutation: You are weak. (Str -2) [potion of
                  | mutation]
  1362 | D:2      | Gained mutation: Your magical capacity is very low. (-20%
                  | MP) [potion of mutation]
  1364 | D:2      | Slain by Terence

Illustrated notes

Levels and vault maps discovered:
D:1:      lemuel_arrival_river_bridge, layout_loops_ring, hex_medium,
          lexackson_kobold_supper
D:2:      layout_rooms, corexii_item_surrounded_by_moat, uniq_terence

Skill      XL: |  1  2 |
---------------+-------+-----
Fighting       | 4 |  4.1
Axes           | 5 |  5.2
Spellcasting   | |  1.0
Fire Magic     | |  3.2

Action                     || total
---------------------------++-------
  Melee: Hand axe          ||    81
         Whip              ||     7
  Throw: Stone             ||     3
   Cast: Scorch            ||     3
 Invoke: Fiery Armour      ||     2
    Use: Potion            ||     1
 Armour: Robe              ||    30
  Dodge: Dodged            ||    44

Table legend: (Time is in decaauts)
 A = Elapsed time spent in this place.
 B = Non-inter-level travel time spent in this place.
 C = Inter-level travel time spent in this place.
 D = Time resting spent in this place.
 E = Time spent auto-exploring this place.
 F = Levels seen in this place.
 G = Mean time per level.
                   A        B        C        D        E       F      G
               +--------+--------+--------+--------+--------+-----+--------+
         Total |   1375 |   1335 |     40 |    152 |    797 |   2 |  687.5 |
       Dungeon |   1375 |   1335 |     40 |    152 |    797 |   2 |  687.5 |
               +--------+--------+--------+--------+--------+-----+--------+

Top non-repeatable levels by time:
     D:1: 1194 daAuts
     D:2: 180 daAuts
